 Dungeon Crawl Stone Soup version 0.31-a0-365-gcf821cafb2 (webtiles) character file.

Game seed: 2425717581747646360

527 hashsling the Cudgeller (level 7, -1/44 HPs)
             Began as a Gargoyle Fighter on July 27, 2023.
             Was a Follower of Okawaru.
             Slain by a gnoll
             ... wielding a +0 halberd
             ... led by a gnoll sergeant
              (8 damage)
             ... on level 4 of the Dungeon.
             The game lasted 00:06:36 (3963 turns).

hashsling the Cudgeller (Gargoyle Fighter)          Turns: 3963, Time: 00:06:37

Health: -1/44      AC: 13    Str: 21    XL:     7   Next: 23%
Magic:  7/7        EV:  9    Int:  9    God:    Okawaru [*.....]
Gold:   186        SH:  4    Dex:  9    Spells: 6/6 levels left

rFire   . . .        a - +0 flail
rCold   . . .        c - +0 buckler
rNeg    + . .        b - +0 scale mail
rPois   ∞            w - +0 helmet
rElec   +            (no cloak)
rCorr   .            (no gloves)
SInv    .            (no boots)
Will    .....        h - amulet of faith Stlth
                     (no ring)
HPRegen 0.27/turn    (no ring)
MPRegen 0.10/turn

%: faith
@: mighty
A: sickness immunity, AC +4, negative energy resistance 1, electricity
resistance, torment resistance 1, petrification resistance
a: Renounce Religion, Heroism


You were on level 4 of the Dungeon.
You worshipped Okawaru.
Okawaru was aware of your devotion.
You visited 1 branch of the dungeon, and saw 4 of its levels.

You collected 186 gold pieces.

Inventory:

Hand Weapons
 a - a +0 flail (weapon)
Missiles
 q - 5 poisoned darts
Armour
 b - a +0 scale mail (worn)
 c - a +0 buckler (worn)
 w - a +0 helmet (worn)
Jewellery
 h - an amulet of faith (around neck)
Wands
 v - a wand of paralysis (11)
Scrolls
 f - a scroll of amnesia {unknown}
 i - 7 scrolls of identify {unknown}
 n - 2 scrolls of blinking {unknown}
 p - a scroll of immolation {unknown}
 t - a scroll of teleportation {unknown}
 u - a scroll of acquirement {unknown}
 x - a scroll of silence {unknown}
 y - 3 scrolls of revelation {unknown}
Potions
 d - a potion of might
 e - a potion of degeneration {unknown}
 g - 5 potions of curing
 j - a potion of enlightenment {unknown}
 k - a potion of attraction {unknown}
 l - a potion of brilliance {unknown}
 m - a potion of resistance {unknown}
 o - a potion of invisibility {unknown}
 r - 2 potions of berserk rage {unknown}
 s - a potion of magic {unknown}


   Skills:
 + Level 4.4 Fighting
 * Level 6.5 Maces & Flails
 - Level 4.0 Armour
 - Level 4.0 Shields


You had 6 spell levels left.
You didn't know any spells.
Your spell library contained the following spells:

 Spells                   Type           Power      Damage    Failure   Level
 Magic Dart               Conj           0%         1d3       78%         1
 Blink                    Tloc           0%         N/A       89%         2
 Searing Ray              Conj           0%         2d4       89%         2
 Fulminant Prism          Conj/Hex       0%         3d5       100%        4
 Manifold Assault         Tloc           0%         N/A       100%        4


Dungeon Overview and Level Annotations

Branches:
Dungeon (4/15)
 Temple: D:4-7

Altars:
Fedhas
Okawaru
Zin
The Shining One


Innate Abilities, Weirdness & Mutations

You are immune to sickness and miasma.
Your stone body is resilient. (AC +4)
You are immune to poison.
You resist negative energy. (rN+)
You are resistant to electric shocks. (rElec)
You are resistant to unholy torment.
You are immune to petrification.


Message History

The gnoll attacks as you move away! The gnoll closely misses you.
The gnoll sergeant hits you with a +0 heavy trident!
The gnoll attacks as you move away! The gnoll misses you.
You sock the gnoll!
The gnoll is heavily wounded.
The gnoll sergeant closely misses you. The gnoll completely misses you.
You thump the gnoll!
You kill the gnoll!
Okawaru accepts your kill.
The gnoll sergeant hits you from afar with a +0 heavy trident!
* * * LOW HITPOINT WARNING * * *
You feel a little less mighty now.
Aiming: Paralyse
Press: ? - help, Q - select action, (/) - cycle Shift-Dir - straight line, f - gnoll
Aim: a gnoll, wielding a +0 halberd (chance to affect: 57%)
The gnoll sergeant suddenly stops moving!
The gnoll hits you but does no damage. The gnoll barely misses you.
You feel very mighty all of a sudden. The gnoll hits you with a +0 halberd.
The gnoll barely misses you.
You closely miss the gnoll. You block the gnoll's attack.
The gnoll hits you but does no damage.
You barely miss the gnoll.
The gnoll hits you from afar with a +0 halberd.
You hit the gnoll.
The gnoll is heavily wounded.
You block the gnoll's attack. The gnoll barely misses you.
The gnoll hits you from afar with a +0 halberd!
* * * LOW HITPOINT WARNING * * *
You closely miss the gnoll.
The gnoll is heavily wounded.
You block the gnoll's attack. x2
You barely miss the gnoll.
The gnoll is heavily wounded.
The gnoll hits you from afar with a +0 halberd!
* * * LOW HITPOINT WARNING * * *
It was a potion of curing.
You feel better. The gnoll hits you with a +0 halberd.
* * * LOW HITPOINT WARNING * * *
The gnoll hits you from afar with a +0 halberd!
You die...

#.##...##.# ##.
#####.....# #.
#.....# ##. ##.....#
#.# ##..##..## ##.#
##..####..####.##
#.g#####....#..#
###gg.##........##
##.@###....##..##.##
#.### ##.####.####.#
### #......## ##.
### ##.####..# #.
#.## #..# #..####.
##..####g## #...#...
##.##.##g##
##.......
#.###...g##
##........ ###
##.#..###.........


You could see a gnoll sergeant (paralysed) and 2 gnolls.

Vanquished Creatures
  A phantom (D:4)
  A bullfrog (D:4)
  A scorpion (D:4)
  3 hounds (D:4)
  3 iguanas
  A gnoll (D:4)
  6 adders
  An ufetubus (D:3)
  A worm (D:4)
  3 dart slugs
  4 orcs
  5 ball pythons
  7 endoplasms
  2 giant cockroaches
  7 goblins
  8 hobgoblins
  2 jackals (D:4)
  6 quokkas
  3 bats
  2 frilled lizards
  5 kobolds
  6 rats
78 creatures vanquished.

Notes
Turn   | Place    | Note
-------+----------+-------------------------------------------
     0 | D:1      | hashsling the Gargoyle Fighter began the quest for the Orb.
     0 | D:1      | Reached XP level 1. HP: 14/14 MP: 1/1
   423 | D:1      | Reached XP level 2. HP: 20/20 MP: 2/2
  1080 | D:2      | Reached XP level 3. HP: 24/24 MP: 3/3
  1191 | D:2      | Reached skill level 3 in Maces & Flails
  1762 | D:3      | Reached XP level 4. HP: 29/29 MP: 4/4
  2002 | D:3      | Found an iron altar of Okawaru.
  2002 | D:3      | Found a glowing silver altar of Zin.
  2002 | D:3      | Found a blossoming altar of Fedhas.
  2010 | D:3      | Became a worshipper of Warmaster Okawaru
  2064 | D:3      | You fall into a shaft and drop 1 floor!
  2097 | D:4      | Reached skill level 4 in Maces & Flails
  2134 | D:4      | Noticed a phantom
  2171 | D:4      | Killed a phantom
  2172 | D:4      | Reached XP level 5. HP: 30/33 MP: 5/5
  2267 | D:3      | Reached skill level 5 in Maces & Flails
  2277 | D:3      | Reached * piety under Okawaru
  2278 | D:3      | Reached XP level 6. HP: 33/38 MP: 6/6
  2766 | D:4      | Found a glowing golden altar of the Shining One.
  2907 | D:4      | Reached skill level 6 in Maces & Flails
  2958 | D:4      | Reached XP level 7. HP: 23/43 MP: 7/7
  3963 | D:4      | Slain by a gnoll

Illustrated notes

Levels and vault maps discovered:
D:1:      saegor_arrival_simple_e, layout_basic, kennysheep_another_room
D:2:      layout_loops_cross
D:3:      layout_loops_cross, gammafunk_temple_overflow_forgotten,
          minmay_divided_ellipse
D:4:      layout_layer_cave, mainiacjoe_overflow_concentric_impassable,
          lightli_minifort

Skill      XL: |  1  2  3  4  5  6 |
---------------+-------------------+-----
Fighting       | 4 |  4.4
Maces & Flails | 3 4 5 6 |  6.5
Armour         | 4 |  4.0
Shields        | 4 |  4.0

Action                     |  1- 3 |  4- 6 |  7- 9 || total
---------------------------+-------+-------+-------++-------
  Melee: Flail             |   116 |   170 |    44 ||   330
  Evoke: Wand              |       |       |     1 ||     1
    Use: Potion            |       |       |     3 ||     3
 Armour: Scale mail        |    85 |    73 |    16 ||   174
  Dodge: Dodged            |    49 |    73 |    28 ||   150
  Block: Buckler           |    26 |    26 |    10 ||    62

Table legend: (Time is in decaauts)
 A = Elapsed time spent in this place.
 B = Non-inter-level travel time spent in this place.
 C = Inter-level travel time spent in this place.
 D = Time resting spent in this place.
 E = Time spent auto-exploring this place.
 F = Levels seen in this place.
 G = Mean time per level.
                   A        B        C        D        E       F      G
               +--------+--------+--------+--------+--------+-----+--------+
         Total |   4036 |   3929 |    107 |      0 |   3168 |   4 | 1009.0 |
       Dungeon |   4036 |   3929 |    107 |      0 |   3168 |   4 | 1009.0 |
               +--------+--------+--------+--------+--------+-----+--------+

Top non-repeatable levels by time:
     D:4: 1417 daAuts
     D:3: 967 daAuts
     D:1: 939 daAuts
     D:2: 712 daAuts
